 Dungeon Crawl Stone Soup version 0.28.0-47-ge53b351184 (webtiles) character file.

Game seed: 13455902392528522593

100 NinjaNoafa the Conjurer (level 4, -3/39 HPs)
             Began as a Draconian Conjurer on Apr 27, 2022.
             Was an Initiate of Ashenzari.
             Slain by a gnoll
             ... wielding a +0 halberd
              (11 damage)
             ... on level 4 of the Dungeon.
             The game lasted 00:05:50 (3825 turns).

NinjaNoafa the Conjurer (Draconian Conjurer)        Turns: 3825, Time: 00:05:51

Health: -3/39      AC:  5    Str:  9    XL:     4   Next: 47%
Magic:  3/8        EV:  6    Int: 21    God:    Ashenzari [......]
Gold:   98         SH:  0    Dex:  9    Spells: 4/8 levels left

rFire   . . .      SeeInvis .   a - +0 whip "Chained With Me" {Bglg, Elem} (curse)
rCold   . . .      Faith    .   (no shield)
rNeg    . . .      Spirit   .   (armour unavailable)
rPois   .          Reflect  .   (helmet restricted)
rElec   .          Harm     .   (no cloak)
rCorr   .          Rampage  .   (no gloves)
Will    +....                   (no boots)
Stlth   +.........              (no amulet)
HPRegen 0.13/turn               (no ring)
MPRegen 0.11/turn               (no ring)

@: confused, ambrosia-drunk, held
A: AC +5, unfitting armour, cold-blooded, strong-willed 1, robust 1
a: Renounce Religion, Shatter the Chains


You were on level 4 of the Dungeon.
You worshipped Ashenzari.
Ashenzari was noncommittal.
You visited 1 branch of the dungeon, and saw 4 of its levels.

You collected 98 gold pieces.

Inventory:

Hand Weapons
 a - the cursed +0 whip "Chained With Me" (weapon) {Bglg, Elem}
   (You took it off a kobold on level 1 of the Dungeon)

   It has a curse which improves the following skills: Beguiling: Conjurations,
   Hexes and Translocations.
   Elements:  Fire Magic, Ice Magic, Air Magic and Earth Magic.
Missiles
 b - 113 stones
 g - 9 poisoned darts (quivered)
 h - a throwing net
Scrolls
 d - 2 scrolls of immolation
 e - a scroll of amnesia {unknown}
 f - a scroll of holy word {unknown}
 i - a scroll of summoning {unknown}
Potions
 j - a potion of curing {unknown}


   Skills:
 + Level 2.1 Fighting
 + Level 2.5 Dodging
 - Level 1.7 Stealth
 + Level 2.7 Spellcasting
 + Level 4.5(4.9) Conjurations
 + Level 0.0(0.1) Hexes
 + Level 0.1 Translocations


You had 4 spell levels left.
You knew the following spells:

 Your Spells              Type           Power      Damage    Failure   Level
a - Magic Dart            Conj           92%        1d7       1%          1
b - Searing Ray           Conj           46%        2d6       2%          2
c - Shock                 Conj/Air       52%        1d6       4%          1

Your spell library contained the following spells:

 Spells                   Type           Power      Damage    Failure   Level
 Dazzling Flash           Conj/Hex       26%        N/A       14%         3
 Portal Projectile        Hex/Tloc       6%         N/A       36%         3
 Swiftness                Air            3%         N/A       38%         3
 Fulminant Prism          Conj/Hex       6%         3d7       43%         4
 Iskenderun's Mystic Bla  Conj/Tloc      13%        2d5       43%         4
 Airstrike                Air            1%         N/A       80%         4
 Blade Hands              Tmut           1%         N/A       98%         5
 Excruciating Wounds      Necr           1%         N/A       98%         5


Dungeon Overview and Level Annotations

Branches:
Dungeon (4/15)
 Temple: D:4-7

Altars:
Ashenzari
Vehumet
Zin

Shops:
D:3 *


Innate Abilities, Weirdness & Mutations

Your plain brown scales are hard. (AC +5)
You cannot fit into any form of body armour.
You are cold-blooded and may be slowed by cold attacks.
You are strong-willed. (Will+)
You are robust. (+10% HP)


Message History

The searing ray hits the gnoll.
The gnoll is moderately wounded.
The searing ray hits the gnoll!
The gnoll is severely wounded.
The searing ray hits the gnoll!
The gnoll is almost dead. (Press . to maintain the ray.)
The gnoll hits you but does no damage. The gnoll barely misses you.
Casting: Searing Ray (safe; 2% risk of failure)
Confirm with . or Enter, or press ? or * to list all spells.
Aiming: Shock (safe; 4% risk of failure)
Press: ? - help, Shift-Dir - straight line, f/p - gnoll
Aim: a gnoll, wielding a +0 spear (moderately wounded, 72% to hit)
The zap hits the gnoll.
The gnoll is heavily wounded.
The zap hits the gnoll.
The gnoll is almost dead.
The gnoll barely misses you. The gnoll misses you.
You barely miss the gnoll.
Your tail-slap misses the gnoll.
The gnoll is heavily wounded.
The gnoll hits you from afar with a +0 halberd.
The gnoll throws a throwing net.
The throwing net hits you.
You become entangled in the net!
You struggle against the net.
The gnoll hits you with a +0 spear.
The gnoll hits you from afar with a +0 halberd. x2
Casting: Shock (safe; 4% risk of failure)
Confirm with . or Enter, or press ? or * to list all spells.
Aiming: Magic Dart (safe; 1% risk of failure)
Press: ? - help, Shift-Dir - straight line, f/p - gnoll
Aim: a gnoll, wielding a +0 spear (heavily wounded, 100% to hit)
The magic dart hits the gnoll.
The gnoll is heavily wounded.
The gnoll hits you with a +0 spear.
The gnoll hits you from afar with a +0 halberd! x2
* * * LOW HITPOINT WARNING * * *
You are confused.
You feel invigorated. The gnoll hits you with a +0 spear.
* * * LOW HITPOINT WARNING * * *
The gnoll hits you from afar with a +0 halberd!
You die...

#. #.. .#
#..# ..
#$..## .#
.... .##
#.g###..##..
#g)g.......
#.@.##
#.<..#
##.### #..
#... ....#
.....
.......
.....#..


You could see 3 gnolls.

Vanquished Creatures
  A gnoll (D:4)
  4 adders
  An orc (D:3)
  6 ball pythons
  3 endoplasms
  3 giant cockroaches
  4 goblins
  2 hobgoblins
  12 kobolds
  2 quokkas
  4 bats
  7 frilled lizards
  7 rats
56 creatures vanquished.

Vanquished Creatures (others)
  7 plants (D:3)
7 creatures vanquished.

Grand Total: 63 creatures vanquished

Notes
Turn   | Place    | Note
-------+----------+-------------------------------------------
     0 | D:1      | NinjaNoafa the Draconian Conjurer began the quest for the
                  | Orb.
     0 | D:1      | Reached XP level 1. HP: 14/14 MP: 3/3
   602 | D:1      | Reached XP level 2. HP: 21/22 MP: 0/5
   683 | D:1      | Reached skill level 1 in Fighting
   829 | D:1      | Found a broken altar of Ashenzari.
   835 | D:1      | Became a worshipper of Ashenzari the Shackled
  1003 | D:1      | Found a faded altar of an unknown god.
  1333 | D:2      | Found a radiant altar of Vehumet.
  1483 | D:2      | Learned a level 2 spell: Searing Ray
  1652 | D:2      | Reached XP level 3. HP: 28/28 MP: 2/6
  2404 | D:3      | Gained mutation: You are robust. (+10% HP) [potion of
                  | mutation]
  2404 | D:3      | Gained mutation: You are strong-willed. (Will+) [potion of
                  | mutation]
  2744 | D:3      | Reached XP level 4. HP: 39/39 MP: 3/7
  2791 | D:3      | Found Zin's Purification Station.
  2794 | D:3      | Found a glowing silver altar of Zin.
  3741 | D:3      | Learned a level 1 spell: Shock
  3825 | D:4      | Slain by a gnoll

Illustrated notes

Levels and vault maps discovered:
D:1:      lightli_arrival_farm, layout_basic,
          shapermc_ecumenical_altar_flowoftime, kennysheep_minor_cross,
          nrook_mini_vaults, kennysheep_flooded_box, minmay_shallow_snake_nest
D:2:      layout_basic, basic_altar
D:3:      layout_basic, zin_purify, lexackson_kobold_supper
D:4:      layout_cave_pools, trog_hazing_becter, st_stairs_2, uniq_ijyb

Skill      XL: |  1  2  3 |
---------------+----------+-----
Dodging        | 2 |  2.5
Fighting       | 1 2 |  2.1
Stealth        | |  1.7
Spellcasting   | |  2.7
Conjurations   | |  4.5
Translocations | |  0.1

Action                   |  1- 3 |  4- 6 || total
-------------------------+-------+-------++-------
Melee: Whip              |    21 |     2 ||    23
       Tailslap          |     3 |       ||     3
Throw: Dart              |     1 |     1 ||     2
 Cast: Magic Dart        |    55 |    20 ||    75
       Searing Ray       |     8 |     3 ||    11
       Shock             |       |     4 ||     4
Invok: Curse Item        |       |     1 ||     1
  Use: Scroll            |     4 |       ||     4
       Potion            |     2 |     1 ||     3
Armor: Skin              |    14 |     3 ||    17
Dodge: Dodged            |    28 |     7 ||    35
